 Dungeon Crawl Stone Soup version 0.30-a0-591-g3c58d2bc28 (webtiles) character file.

Game seed: 17165949898098517375

716 funkygono the Firebug (level 7, 0/48 HPs)
             Began as a Demonspawn Fire Elementalist on Jan 5, 2023.
             Slain by a quasit (1 damage)
             ... on level 4 of the Dungeon.
             The game lasted 00:07:36 (4639 turns).

funkygono the Firebug (DsFE)                        Turns: 4639, Time: 00:07:36

Health: 0/48       AC:  5    Str:  9      XL:     7   Next: 41%
Magic:  3/13       EV: 14    Int: 18      God:
Gold:   192        SH:  0    Dex:  6 (13) Spells: 5/15 levels left

rFire   + . .      SeeInvis .    d - +1 quarterstaff
rCold   . . .      Faith    .    (shield currently unavailable)
rNeg    . . .      Spirit   .    a - +0 robe
rPois   .          Reflect  .    y - +1 helmet
rElec   .          Harm     .    (no cloak)
rCorr   .          Rampage  .    o - +0 pair of gloves
Will    .....                    (no boots)
Stlth   +                        (no amulet)
HPRegen 0.28/turn                m - ring of fire
MPRegen 0.13/turn                v - ring of protection from cold

@: no status effects
A: repulsion field 2, demonic touch 1
a: no special abilities


You were on level 4 of the Dungeon.
You visited 1 branch of the dungeon, and saw 6 of its levels.

You collected 192 gold pieces.

Inventory:

Hand Weapons
 d - a +1 quarterstaff (weapon)
 h - a +0 whip
Armour
 a - a +0 robe (worn)
 o - a +0 pair of gloves (worn)
 p - an orb of guile
 y - a +1 helmet (worn)
Jewellery
 m - a ring of fire (left hand)
 v - a ring of protection from cold (right hand)
Wands
 t - a wand of mindburst (15)
 w - a wand of acid (7)
Scrolls
 c - a scroll of vulnerability {unknown}
 e - 2 scrolls of torment {unknown}
 f - 2 scrolls of enchant weapon
 i - 4 scrolls of teleportation
 k - a scroll of identify
Potions
 g - a potion of lignification
 j - a potion of ambrosia
 l - a potion of berserk rage
 n - 2 potions of heal wounds
 q - a potion of curing {unknown}
 x - a potion of cancellation {unknown}


   Skills:
 + Level 1.1 Fighting
 + Level 1.2 Staves
 + Level 2.2 Dodging
 - Level 1.7 Stealth
 + Level 4.5 Spellcasting
 + Level 3.9 Conjurations
 + Level 5.1 Fire Magic


You had 5 spell levels left.
You knew the following spells:

 Your Spells              Type           Power      Damage    Failure   Level
a - Foxfire               Conj/Fire      100%       2x1d9     2%          1
b - Scorch                Fire           66%        2d8       2%          2
c - Kindle Blastsparks    Fire/Tloc/Air  30%        2d12      21%         3
d - Flame Wave            Conj/Fire      30%        2d9       22%         4

Your spell library contained the following spells:

 Spells                   Type           Power      Damage    Failure   Level
 Apportation              Tloc           8%         N/A       14%         1
 Inner Flame              Hex/Fire       19%        N/A       14%         3
 Sublimation of Blood     Necr           4%         N/A       22%         2
 Petrify                  Tmut/Erth      4%         N/A       80%         4
 Irradiate                Conj/Tmut      5%         3d13      86%         5
 Alistair's Intoxication  Tmut/Pois      2%         N/A       98%         5
 Starburst                Conj/Fire      15%        6d6       98%         6
 Fire Storm               Conj/Fire      15%        8d4       100%        9


Dungeon Overview and Level Annotations

Branches:
Dungeon (6/15)
 Temple: D:4-7

Altars:
Cheibriados
Sif Muna

Shops:
D:2 *

Annotations:
D:4 1 transporter, FabledHydra's ghost, novice MiBe


Innate Abilities, Weirdness & Mutations

You are surrounded by a moderate repulsion field. (EV +3)
Your touch may inflict minor irresistible damage on your foes.


Message History

The quasit is moderately wounded.
The quasit barely misses you. The quasit misses you.
The quasit barely misses you. FabledHydra's ghost hits you!
The quasit misses you.
The quasit claws you but does no damage. x2
The quasit barely misses you. The quasit closely misses you. x2
Unknown command.
Casting: Scorch (safe; 2% risk of failure)
Confirm with . or Enter, or press ? or * to list all spells.
You feel a surge of power!
You conjure some foxfire!
The quasit barely misses you. x2; The quasit misses you.
The quasit barely misses you.
The quasit claws you but does no damage. x2
FabledHydra's ghost completely misses you.
Casting: Foxfire (safe; 2% risk of failure)
Confirm with . or Enter, or press ? or * to list all spells.
You feel a surge of power!
Flames lash the quasit.
The quasit resists.
The quasit is heavily wounded.
The quasit's fire resistance burns away.
The foxfire hits FabledHydra's ghost but does no damage.
FabledHydra's ghost is heavily damaged.
The foxfire hits the quasit.
The quasit resists.
The quasit is moderately wounded.
The quasit bites you but does no damage.
The quasit claws you but does no damage. x2
The quasit bites you but does no damage.
The quasit claws you. The quasit closely misses you.
FabledHydra's ghost yells, "Who would have thought, even in death it is a pleasure to sever!"
FabledHydra's ghost hits you.
* * * LOW HITPOINT WARNING * * *
Unknown command.
Casting: Scorch (safe; 2% risk of failure)
Confirm with . or Enter, or press ? or * to list all spells.
You feel a surge of power!
You conjure some foxfire!
The quasit bites you but does no damage.
The quasit completely misses you. The quasit closely misses you. x3
The quasit barely misses you. FabledHydra's ghost hits you!
* * * LOW HITPOINT WARNING * * *
The quasit misses you. The quasit barely misses you. The quasit claws you.
You die...

##....##.......#..##........
#........#####....##........
#......###...###............
##....##.......#..######....
##....#..#.#...#..#....#....
#.....#..#.#...#..#....#....
##....##.....#.##.#....#....
######......#..#5v.#.#......#....
...........©#/=5@# #......#....
......#.....#)#Wv...##.....(#....
......+..>.##.#..(#.#©......#....
......####.# 5#.##..##.#....#....
.#+##......#.#...#...#.#....#....
....#......##..#5...##.#....#<...
....#.......#...©..##..#....#....
#...+.......##.#####)..#....#....
#...#........###.......#....#....


You could see 2 quasits and FabledHydra's ghost (combustible).

Vanquished Creatures
  3 ogres
  2 scorpions (D:4)
  2 hounds
  A quasit (D:4)
  An orc priest (D:3)
  A gnoll bouda (D:3)
  Ijyb (D:3)
  5 gnolls (D:3)
  2 adders (D:2)
  2 worms
  2 dart slugs (D:4)
  7 orcs (D:3)
  8 ball pythons
  8 bats
  8 endoplasms
  3 giant cockroaches
  10 goblins
  7 hobgoblins
  10 jackals
  2 quokkas
  4 frilled lizards
  6 kobolds
  5 rats
100 creatures vanquished.

Vanquished Creatures (collateral kills)
  2 foxfires (D:1)
2 creatures vanquished.

Vanquished Creatures (others)
  309 foxfires
309 creatures vanquished.

Grand Total: 411 creatures vanquished

Notes
Turn   | Place    | Note
-------+----------+-------------------------------------------
     0 | D:1      | funkygono the Demonspawn Fire Elementalist began the quest
                  | for the Orb.
     0 | D:1      | Reached XP level 1. HP: 13/13 MP: 3/3
   104 | D:1      | Found a faded altar of an unknown god.
   165 | D:1      | Reached skill level 3 in Fire Magic
   260 | D:1      | Gained mutation: You are surrounded by a mild repulsion
                  | field. (EV +2) [demonic ancestry]
   260 | D:1      | Reached XP level 2. HP: 19/19 MP: 1/5
   323 | D:1      | Learned a level 2 spell: Scorch
  1205 | D:2      | Gained mutation: Your touch may inflict minor irresistible
                  | damage on your foes. [demonic ancestry]
  1205 | D:2      | Reached XP level 3. HP: 24/24 MP: 3/6
  1399 | D:2      | Found Doem's Assorted Antiques.
  1635 | D:2      | Reached XP level 4. HP: 30/30 MP: 5/7
  1639 | D:2      | Learned a level 3 spell: Kindle Blastsparks
  2042 | D:3      | Noticed Ijyb
  2048 | D:3      | Killed Ijyb
  2404 | D:3      | You fall into a shaft and drop 3 floors!
  2408 | D:6      | Noticed an ogre
  2412 | D:6      | Killed an ogre
  2413 | D:6      | Reached skill level 4 in Fire Magic
  2413 | D:6      | Reached XP level 5. HP: 36/36 MP: 4/9
  2464 | D:6      | Noticed an ogre
  2469 | D:6      | Killed an ogre
  2470 | D:6      | Reached XP level 6. HP: 42/42 MP: 4/11
  2534 | D:6      | Reached skill level 1 in Fighting
  2542 | D:5      | Entered Level 5 of the Dungeon
  2569 | D:5      | Reached skill level 1 in Staves
  3081 | D:3      | Gained mutation: You are surrounded by a moderate repulsion
                  | field. (EV +3) [demonic ancestry]
  3081 | D:3      | Reached XP level 7. HP: 44/48 MP: 5/13
  3146 | D:3      | Learned a level 4 spell: Flame Wave
  3470 | D:3      | Found a shimmering blue altar of Sif Muna.
  3914 | D:4      | Found a snail-covered altar of Cheibriados.
  3955 | D:4      | Found a transporter.
  4190 | D:4      | Got the Lessons on Hyperthermia
  4209 | D:4      | Found a transporter.
  4566 | D:4      | Reached skill level 5 in Fire Magic
  4601 | D:4      | Noticed FabledHydra's ghost (novice MiBe)
  4639 | D:4      | HP: 1/48 [FabledHydra's ghost (10)]
  4639 | D:4      | Slain by a quasit

Illustrated notes

Levels and vault maps discovered:
D:1:      onia_arrival_mini_spirals, layout_basic,
          chequers_ecumenical_altar_island, minmay_misc_feat_five
D:2:      layout_rooms, serial_shops, nicolae_shop_statue_plus
D:3:      minmay_wonky_spiral, layout_loops_ring,
          nicolae_sif_muna_little_library, eino_tiny_chamber,
          minmay_misc_feat_rugged, minmay_misc_feat_doors, uniq_ijyb
D:4:      layout_gridville, kennysheep_slug_shrine, gammafunk_ghost_stat_death,
          nicolae_elevator_lobby_asterisk
D:5:      layout_basic, mainiacjoe_overflow_alcove_4,
          minmay_temple_entry_glassed_door, kennysheep_generic_room_7
D:6:      layout_layer_cave, grunt_gozag_statues,
          nicolae_dithmenos_the_darkroom, gup_ossuary_entry_pyramid, hex_large,
          minmay_a_box_with_orc_wizards_in_it

Skill      XL: |  1  2  3  4  5  6  7 |
---------------+----------------------+-----
Fire Magic     | 3 4 5 |  5.1
Conjurations   | 2 3 |  3.9
Dodging        | 2 |  2.2
Spellcasting   | 3 4 |  4.5
Fighting       | 1 |  1.1
Staves         | 1 |  1.2
Stealth        | |  1.7

Action                   |  1- 3 |  4- 6 |  7- 9 || total
-------------------------+-------+-------+-------++-------
Melee: Unarmed           |     9 |       |       ||     9
       Quarterstaff      |     7 |     5 |     1 ||    13
 Cast: Foxfire           |    65 |    80 |    42 ||   187
       Scorch            |     2 |     1 |    10 ||    13
  Use: Scroll            |       |       |    12 ||    12
       Potion            |       |       |     1 ||     1
Armor: Robe              |    11 |     1 |    36 ||    48
Dodge: Dodged            |    38 |    16 |    85 ||   139

Table legend: (Time is in decaauts)
 A = Elapsed time spent in this place.
 B = Non-inter-level travel time spent in this place.
 C = Inter-level travel time spent in this place.
 D = Time resting spent in this place.
 E = Time spent auto-exploring this place.
 F = Levels seen in this place.
 G = Mean time per level.
                   A        B        C        D        E       F      G
               +--------+--------+--------+--------+--------+-----+--------+
         Total |   4643 |   4587 |     56 |    138 |   3676 |   6 |  773.8 |
       Dungeon |   4643 |   4587 |     56 |    138 |   3676 |   6 |  773.8 |
               +--------+--------+--------+--------+--------+-----+--------+

Top non-repeatable levels by time:
     D:3: 1580 daAuts
     D:1: 1070 daAuts
     D:2: 927 daAuts
     D:4: 876 daAuts
     D:6: 137 daAuts
     D:5: 51 daAuts
